 Dungeon Crawl Stone Soup version 0.19.5 (webtiles) character file.

11 Theblade12 the Grave Robber (level 2, 0/19 HPs)
             Began as a Vampire Necromancer on July 18, 2017.
             Slain by a jackal (2 damage)
             ... on level 2 of the Dungeon.
             The game lasted 00:32:46 (1073 turns).

Theblade12 the Grave Robber (Vampire Necromancer)   Turns: 1073, Time: 00:32:52

Health: 0/19       AC:  0    Str:  7    XL:     2   Next: 13%
Magic:  2/5        EV: 13    Int: 17    God:
Gold:   96         SH:  0    Dex: 14    Spells: 2 memorised, 3 levels left

rFire  . . .     SeeInvis +     g - +0 short sword
rCold  . . .     Gourm    .     (no armour)
rNeg   + . .     Faith    .     (no shield)
rPois  .         Spirit   .     (helmet restricted)
rElec  .         Reflect  .     (no cloak)
rCorr  .         Harm     .     (no gloves)
MR     .....                    (no boots)
Stlth  ++........               (no amulet)
                                (no ring)
                                (no ring)

@: lethally poisoned (0 -> -4), very slightly contaminated
A: fangs 3, horns 1, see invisible, unbreathing
a: no special abilities


You were on level 2 of the Dungeon.
You were not thirsty.

You visited 1 branch of the dungeon, and saw 2 of its levels.

You collected 96 gold pieces.

Inventory:

Hand Weapons
 c - a +0 dagger
 g - a +0 short sword (weapon)
 i - a +0 club
 l - a +0 club
 m - a +0 dagger
Missiles
 e - 20 bolts
 h - 32 arrows
Armour
 a - a +0 robe
 d - a +0 robe
 j - a +0 leather armour
 k - a +0 leather armour
 n - a +0 chain mail
 o - a cursed +0 chain mail
Books
 b - a book of Necromancy

   Spells                             Type                      Level
   a - Pain                           Necromancy                   1
   b - Animate Skeleton               Necromancy                   1
   c - Vampiric Draining              Necromancy                   3
   d - Regeneration                   Charms/Necromancy            3
   e - Animate Dead                   Necromancy                   4
   f - Control Undead                 Necromancy                   4
Comestibles
 f - a bread ration


   Skills:
 + Level 2.3 Dodging
 + Level 3.1 Stealth
 + Level 2.0 Spellcasting
 + Level 4.8 Necromancy


You had 3 spell levels left.
You knew the following spells:

 Your Spells              Type           Power        Failure   Level  Hunger
a - Pain                  Necr           ###.         2%          1    #......
b - Animate Skeleton      Necr           N/A          2%          1    #......


Dungeon Overview and Level Annotations

Branches:
Dungeon (1/15)

Altars:


Innate Abilities, Weirdness & Mutations

You have razor-sharp teeth.
You have supernaturally acute eyesight. (SInv)
You can survive without breathing.
You have a pair of small horns on your head.


Message History

You start removing your armour.
You continue taking off your +0 chain mail.
The adder bites you but does no damage.
You continue taking off your +0 chain mail.
The adder bites you but does no damage. x2
The jackal bites you but does no damage.
You continue taking off your +0 chain mail.
The adder bites you.
You continue taking off your +0 chain mail.
The hobgoblin shouts!
The jackal bites you but does no damage.
The adder bites you.
You finish taking off your +0 chain mail.
The jackal bites you.
Keep equipping yourself?
The jackal bites you. The adder bites you.
* * * LOW HITPOINT WARNING * * *
You are lethally poisoned!
The adder poisons you! The jackal barely misses you. The jackal bites you.
You die...

.. . # #. .#
#. #.# .##gg.
#..###....#
%.###....s...
#%.....hh.#
#.....@S.#
#........#
##.......#
##.###..# #.
..# . #.. #
..# #.#


You could see an adder, 2 jackals, a giant cockroach, a hobgoblin and a goblin
(wandering).

Vanquished Creatures
  A dart slug (D:1)
  A leopard gecko (D:1)
  A bat (D:1)
  2 hobgoblins (D:1)
  A frilled lizard (D:1)
6 creatures vanquished.

Vanquished Creatures (collateral kills)
  A hobgoblin (D:1)
1 creature vanquished.

Grand Total: 7 creatures vanquished

Notes
Turn   | Place    | Note
-------+----------+-------------------------------------------
     0 | D:1      | Theblade12 the Vampire Necromancer began the quest for the Orb.
     0 | D:1      | Reached XP level 1. HP: 13/13 MP: 3/3
    99 | D:1      | Learned a level 1 spell: Animate Skeleton
   412 | D:1      | Reached XP level 2. HP: 10/19 MP: 1/5
   483 | D:1      | Gained mutation: You have a pair of small horns on your head. [potion of beneficial mutation]
  1059 | D:1      | You fall through a shaft!
  1073 | D:2      | Slain by a jackal

Action                   || total
-------------------------++-------
Melee: Unarmed           ||     5
       Dagger            ||     1
       Bite              ||     1
       Short sword       ||     4
 Cast: Pain              ||    16
       Animate Skeleton  ||     2
  Use: Scroll            ||     4
       Potion            ||     3
Armor: Robe              ||     1
       Chain mail        ||    12
Dodge: Dodged            ||     8
